 Dungeon Crawl Stone Soup version 0.13.0-18-g7b03ea5 (webtiles) character file.

171 Lilouch the Covered (level 4, -1/28 HPs)
             Began as a Gargoyle Fighter on Oct 22, 2013.
             Killed by nerve-wracking pain
             ... invoked by Grinder
              (10 damage)
             ... on Level 3 of the Dungeon.
             The game lasted 00:04:59 (1366 turns).

Lilouch the Covered (Gargoyle Fighter)              Turns: 1366, Time: 00:05:00

HP  -1/28        AC 10     Str 20      XL: 4   Next: 45%
MP   3/3         EV  6     Int  9      God:
Gold 87          SH 18     Dex  9      Spells:  0 memorised,  3 levels left

Res.Fire  : . . .   See Invis. : .   a - +0 mace
Res.Cold  : . . .   Warding    : .   b - +0 scale mail
Life Prot.: + . .   Conserve   : .   c - +0 shield
Res.Poison: +       Res.Corr.  : .   (no helmet)
Res.Elec. : +       Clarity    : .   (no cloak)
Sust.Abil.: . .     Spirit.Shd : .   (no gloves)
Res.Mut.  : .       Stasis     : .   (no boots)
Res.Rott. : +       Flight     : .   (no amulet)
Saprovore : . . .                    (no ring)
                                     (no ring)

@: slightly resistant to hostile enchantments, extremely unstealthy
A: fangs 1, talons 2, life protection 1, electricity resistance, slow metabolism
1, unbreathing, petrification resistance, AC +3
a: no special abilities


You were on level 3 of the Dungeon.
You were not hungry.

You visited 1 branch of the dungeon, and saw 3 of its levels.

You collected 67 gold pieces.

Inventory:

Hand weapons
 a - a +0,+0 mace (weapon)
Missiles
 l - 21 poisoned needles
Armour
 b - a +0 scale mail (worn)
 c - a +0 shield (worn)
Comestibles
 d - a bread ration
 p - 2 chokos
 q - a pear
 u - a meat ration
Scrolls
 e - a scroll of fear {unknown}
 f - a scroll of blinking {unknown}
 j - 3 scrolls of identify {unknown}
 m - a scroll of curse armour {unknown}
 n - 2 scrolls of remove curse {unknown}
 o - a scroll of enchant armour {unknown}
 s - 2 scrolls of teleportation {unknown}
Potions
 g - a potion of confusion {unknown}
 h - 2 potions of agility {unknown}
 i - a potion of speed {unknown}
 k - 2 potions of might {unknown}
 r - a potion of restore abilities {unknown}
 t - a potion of heal wounds {unknown}


   Skills:
 - Level 3.2 Fighting
 * Level 4.2 Maces & Flails
 + Level 4.2 Armour
 - Level 3.2 Shields


You had 3 spell levels left.
You didn't know any spells.

Dungeon Overview and Level Annotations

Branches:
Dungeon (3/27)

Altars:
Fedhas
Zin
the Shining One

Annotations:
D:3 Grinder


Innate Abilities, Weirdness & Mutations

You are resistant to torment.
You are immune to poison.
Your stone body is very resilient (AC +3).
You have very sharp teeth.
You have razor-sharp toenails.
You resist negative energy.
You are resistant to electric shocks.
You have a slow metabolism.
You can survive without breathing.
You are immune to petrification.


Message History

Grinder gestures.
Grinder blinks!
Grinder hits you but does no damage.
You closely miss Grinder.
Grinder is heavily wounded.
Grinder barely misses you.
You hit Grinder but do no damage. Your kick misses Grinder.
Grinder is heavily wounded.
Grinder gestures at you. Pain shoots through your body!
* * * LOW HITPOINT WARNING * * *
You hit Grinder. Your kick misses Grinder.
Grinder is heavily wounded.
Grinder zaps a wand.
Grinder looks slightly unstable.
Your shield and scale mail prevent you from hitting Grinder.
You claw Grinder.
Grinder is severely wounded.
Grinder gestures at you. Pain shoots through your body!
You die...

. . ##.# #. .....
#.# ......
###.####......
...##......#
#####..#.#
#.......#.#
.##.###...@.#
#........#5###
..#....<#.#######
#>.................
..........#######
.#.######## ..


You could see Grinder.

Vanquished Creatures
  A gnoll (D:1)
  5 adders (D:2)
  5 bats
  A giant cockroach (D:1)
  4 goblins
  7 hobgoblins
  7 kobolds
  3 giant newts
  3 rats
36 creatures vanquished.

Notes
Turn   | Place    | Note
--------------------------------------------------------------
     0 | D:1      | Lilouch, the Gargoyle Fighter, began the quest for the Orb.
     0 | D:1      | Reached XP level 1. HP: 14/14 MP: 0/0
   151 | D:1      | Reached XP level 2. HP: 19/19 MP: 1/1
   259 | D:1      | Reached XP level 3. HP: 24/24 MP: 2/2
   828 | D:2      | Found a glowing silver altar of Zin.
   923 | D:2      | Reached skill level 4 in Armour
   928 | D:2      | Reached XP level 4. HP: 28/28 MP: 3/3
   931 | D:2      | Found a glowing golden altar of the Shining One.
  1110 | D:2      | Found a blossoming altar of Fedhas.
  1338 | D:3      | Noticed Grinder
  1343 | D:3      | Paralysed by Grinder for 6 turns
  1366 | D:3      | Killed from afar by Grinder

Action                   |  1- 3 |  4- 6 || total
-------------------------+-------+-------++-------
Melee: Mace              |    81 |    38 ||   119
